 Dungeon Crawl Stone Soup version 0.31-a0-640-g39d97e502b (webtiles) character file.

Game seed: 7855501528356841645

74 qw the Shooter (level 4, -5/28 HPs)
             Began as a Gargoyle Hunter on Aug 27, 2023.
             Slain by a worm (8 damage)
             ... on level 2 of the Dungeon.
             The game lasted 00:00:31 (1131 turns).

qw the Shooter (Gargoyle Hunter)                    Turns: 1131, Time: 00:00:31

Health: -5/28      AC:  6    Str: 13 (15) XL:     4   Next: 28%
Magic:  4/4        EV: 11    Int:  7 (9)  God:
Gold:   98         SH:  0    Dex: 13 (15) Spells: 3/3 levels left

rFire   . . .        Y - +0 shortbow
rCold   . . .        (shield currently unavailable)
rNeg    + . .        c - +0 leather armour
rPois   inf          (no helmet)
rElec   +            (no cloak)
rCorr   +            (no gloves)
SInv    .            (no boots)
Will    .....        (no amulet)
Stlth   +            f - ring of resist corrosion
HPRegen 0.24/turn    (no ring)
MPRegen 0.09/turn

%: no passive effects
@: no status effects
A: sickness immunity, AC +3, negative energy resistance 1, electricity
resistance, torment resistance 1, petrification resistance
a: no special abilities


You were on level 2 of the Dungeon.
You visited 1 branch of the dungeon, and saw 2 of its levels.

You collected 98 gold pieces.


Innate Abilities, Weirdness & Mutations

You are immune to sickness and miasma.
Your stone body is resilient. (AC +3)
You are immune to poison.
You resist negative energy. (rN+)
You are resistant to electric shocks. (rElec)
You are resistant to unholy torment.
You are immune to petrification.


   Skills:
 - Level 3.0 Fighting
 + Level 5.3 Ranged Weapons
 - Level 1.5 Dodging
 - Level 1.1 Stealth


You had 3 spell levels left.
You didn't know any spells.
Your spell library was empty.

Inventory:

Hand Weapons
 Y - a +0 shortbow (weapon)
Armour
 c - a +0 leather armour (worn)
 d - a +0 pair of boots
Jewellery
 f - a ring of resist corrosion (left hand)
Scrolls
 a - a scroll of blinking {unknown}
 g - a scroll of immolation {unknown}
 h - a scroll of revelation {unknown}
 j - a scroll of poison {unknown}
Potions
 b - a potion of cancellation {unknown}
 e - a potion of enlightenment {unknown}
 i - 2 potions of lignification {unknown}
 k - a potion of heal wounds {unknown}

Dungeon Overview and Level Annotations

Branches:
Dungeon (2/15)

Altars:


Message History

The adder bites you but does no damage.
You shoot an arrow. The arrow hits the adder.
The adder is severely wounded.
The adder bites you but does no damage. The worm closely misses you.
You shoot an arrow. The arrow closely misses the adder.
The adder bites you but does no damage. The adder barely misses you.
The worm bites you but does no damage.
You shoot an arrow. The arrow misses the adder.
The adder bites you but does no damage.
You shoot an arrow. The arrow hits the adder.
The adder is almost dead.
The adder barely misses you. The adder bites you but does no damage.
The worm bites you but does no damage.
You shoot an arrow. The arrow closely misses the adder.
The adder bites you but does no damage. The worm bites you.
You shoot an arrow. The arrow barely misses the adder.
The adder bites you but does no damage. The adder misses you.
You shoot an arrow.
The arrow hits the adder but does no damage.
The adder is almost dead.
The adder bites you but does no damage. The worm closely misses you.
The adder bites you.
You shoot an arrow. The arrow closely misses the adder.
The adder bites you. The worm closely misses you.
You shoot an arrow. The arrow misses the adder.
The adder bites you. The adder barely misses you. The worm bites you.
You shoot an arrow. The arrow closely misses the adder.
The adder bites you but does no damage. The adder bites you.
You shoot an arrow. The arrow barely misses the adder.
The worm closely misses you. The adder bites you.
You shoot an arrow. The arrow barely misses the adder.
The adder bites you but does no damage. The worm bites you.
You shoot an arrow. The arrow closely misses the adder.
The adder completely misses you. The adder bites you.
You shoot an arrow. The arrow hits the adder!
You kill the adder!
The worm barely misses you.
You shoot an arrow. The arrow barely misses the worm.
The worm bites you!
You die...

# ..... # .... ##### ..... ...#
...##### #######.# ......#
......... ############## #%....#
######.#
.............###%w...###### #.#
....######......@..#......# #.#
###.#.####.#.###...#......# #.#
###.#....#........%.......#####.#
..#.#..#.........#........+......
#.#.#............#.#......#####.#
#.#.#..#<.....)..#.#......# #.#
..#.#............#.#......#####.#
###.#.##.........#.#..(..)..)...#
....#............#.#..%.###.#####


You could see a worm.

Vanquished Creatures
  3 adders (D:2)
  A dart slug (D:1)
  4 ball pythons
  5 endoplasms
  A giant cockroach (D:1)
  6 goblins
  4 hobgoblins
  3 quokkas (D:1)
  2 bats
  2 frilled lizards
  4 kobolds (D:2)
  8 rats
43 creatures vanquished.

Notes
Turn   | Place    | Note
-------+----------+-------------------------------------------
     0 | D:1      | qw the Gargoyle Hunter began the quest for the Orb.
     0 | D:1      | Reached XP level 1. HP: 12/12 MP: 1/1
     0 | D:1      | 0 ||| qw: Version: 0.3-a-74-g0d5e918
     0 | D:1      | 0 ||| qw: Game counter: 101
     0 | D:1      | 0 ||| qw: Melee chars always use a shield: true
     0 | D:1      | 0 ||| qw: God list: Okawaru
     0 | D:1      | 0 ||| qw: Allow faded altars: false
     0 | D:1      | 0 ||| qw: Do Orc after clearing Dungeon:15 true
     0 | D:1      | 0 ||| qw: Do second Lair branch before Depths: true
     0 | D:1      | 0 ||| qw: Lair rune preference: random
     0 | D:1      | 0 ||| qw: Goals: Normal
     0 | D:1      | 0 ||| PLANNING D:1-11
   130 | D:1      | Reached XP level 2. HP: 17/17 MP: 2/2
   365 | D:1      | Reached XP level 3. HP: 21/21 MP: 3/3
   449 | D:1      | Reached skill level 5 in Ranged Weapons
   564 | D:1      | 564 ||| UPGRADING to ring of resist corrosion.
   565 | D:1      | 565 ||| READING scroll labelled KIRENO BAOJ.
   566 | D:1      | 566 ||| DRINKING 2 yellow potions.
   567 | D:1      | 567 ||| DROPPING scroll of butterflies.
   568 | D:1      | 568 ||| DROPPING potion of degeneration.
   855 | D:2      | Reached skill level 3 in Fighting
  1072 | D:2      | Reached XP level 4. HP: 28/28 MP: 4/4
  1127 | D:2      | HP: 7/28 [adder (1)]
  1129 | D:2      | HP: 3/28 [adder (2)]
  1131 | D:2      | Slain by a worm

Levels and vault maps discovered:
D:1:      tekkud_arrival_beachfront_property, layout_loops_cross
D:2:      layout_basic

Skill      XL: |  1  2  3 |
---------------+----------+-----
Ranged Weapons | 5 |  5.3
Fighting       | 3 |  3.0
Dodging        | |  1.5
Stealth        | |  1.1

Action                     |  1- 3 |  4- 6 || total
---------------------------+-------+-------++-------
   Fire: Shortbow          |   109 |    31 ||   140
    Use: Scroll            |     1 |       ||     1
         Potion            |     1 |       ||     1
 Armour: Leather armour    |    11 |    19 ||    30
  Dodge: Dodged            |    30 |    24 ||    54

Table legend:
 A = Non-vault XP
 B = Vault XP
 C = Vault XP percentage of total XP
 D = Non-vault monster count
 E = Vault monster count
 F = Vault count percentage of total count
                 A         B        C        D         E       F
            +---------+---------+-------+---------+---------+-------
      Total |     106 |       0 |   0.0 |      43 |       0 |   0.0
            +---------+---------+-------+---------+---------+-------
        D:1 |      41 |       0 |   0.0 |      23 |       0 |   0.0
        D:2 |      65 |       0 |   0.0 |      20 |       0 |   0.0
            +---------+---------+-------+---------+---------+-------
